 Dungeon Crawl Stone Soup version 0.31.0-32-g396128a36d (webtiles) character file.

Game seed: 3988859625576655942

175 PaiMei the Grave Robber (level 5, -1/37 HPs)
             Began as a Demonspawn Necromancer on Apr 1, 2024.
             Slain by an orc warrior
             ... wielding a +0 mace
              (7 damage)
             ... on level 4 of the Dungeon.
             The game lasted 00:03:24 (3156 turns).

PaiMei the Grave Robber (Demonspawn Necromancer)    Turns: 3156, Time: 00:03:24

Health: -1/37      AC:  2    Str:  8    XL:     5   Next: 29%
Magic:  0/9        EV: 13    Int: 17    God:
Gold:   216        SH:  4    Dex: 14    Spells: 6/10 levels left

rFire   . . .        f - +0 mace
rCold   . . .        (no shield)
rNeg    . . .        a - +0 robe
rPois   .            (no helmet)
rElec   .            (no cloak)
rCorr   .            (no gloves)
SInv    .            (no boots)
Will    .....        (no amulet)
Stlth   ++           (no ring)
HPRegen 0.26/turn    (no ring)
MPRegen 0.11/turn

%: no passive effects
@: no status effects
A: claws 1, powered by death 1, condensation shield
a: no special abilities


You were on level 4 of the Dungeon.
You visited 1 branch of the dungeon, and saw 4 of its levels.

You collected 216 gold pieces.

Inventory:

Hand Weapons
 f - a +0 mace (weapon)
Missiles
 n - 5 curare-tipped darts (quivered)
 o - 3 poisoned darts
Armour
 a - a +0 robe (worn)
Scrolls
 c - 3 scrolls of enchant armour {unknown}
 d - a scroll of identify {unknown}
 e - a scroll of amnesia {unknown}
 j - a scroll of fog {unknown}
 l - a scroll of revelation {unknown}
Potions
 b - a potion of magic
 g - a potion of invisibility {unknown}
 h - a potion of attraction {unknown}
 i - a potion of degeneration {unknown}
 k - a potion of mutation {unknown}
 m - a potion of haste {unknown}


   Skills:
 + Level 1.6 Fighting
 + Level 2.9 Dodging
 - Level 2.3 Stealth
 + Level 3.1 Spellcasting
 + Level 5.2 Necromancy


You had 6 spell levels left.
You knew the following spells:

 Your Spells              Type           Power      Damage    Failure   Level
a - Necrotise             Necr           80%        1d8       1%          1
b - Vampiric Draining     Necr           20%        2d7       6%          3

Your spell library contained the following spells:

 Spells                   Type           Power      Damage    Failure   Level
 Summon Small Mammal      Summ           8%         N/A       17%         1
 Animate Dead             Necr           20%        N/A       21%         4
 Lesser Beckoning         Tloc           4%         N/A       26%         2
 Call Canine Familiar     Summ           2%         N/A       45%         3
 Gell's Gravitas          Tloc           2%         N/A       45%         3
 Teleport Other           Tloc           2%         N/A       45%         3
 Curse of Agony           Necr           20%        N/A       50%         5
 Summon Blazeheart Golem  Fire/Summ      2%         N/A       86%         4


Dungeon Overview and Level Annotations

Branches:
Dungeon (4/15)
 Temple: D:4-7

Altars:
Vehumet

Shops:
D:2 (


Innate Abilities, Weirdness & Mutations

You have sharp fingernails.
You regenerate a little health from kills.
A meltable shield of frost defends you. (SH +4)


Message History

Casting: Vampiric Draining (dangerous; 6% risk of failure)
Confirm with . or Enter, or press ? or * to list all spells.
You don't have enough magic to cast this spell.
Casting: Vampiric Draining (dangerous; 6% risk of failure)
Confirm with . or Enter, or press ? or * to list all spells.
You don't have enough magic to cast this spell.
Casting: Vampiric Draining (dangerous; 6% risk of failure)
Confirm with . or Enter, or press ? or * to list all spells.
You don't have enough magic to cast this spell.
Casting: Vampiric Draining (dangerous; 6% risk of failure)
Confirm with . or Enter, or press ? or * to list all spells.
You don't have enough magic to cast this spell.
You closely miss the orc warrior.
The orc warrior is lightly wounded.
The orc warrior hits you with a +0 mace!
The orc warrior hits you with a +0 mace.
Casting: Vampiric Draining (dangerous; 6% risk of failure)
Confirm with . or Enter, or press ? or * to list all spells.
Aiming: Necrotise (safe; 1% risk of failure)
Press: ? - help, Shift-Dir - straight line, f/p - orc warrior
Aim: an orc warrior, wielding a +0 mace and wearing a +0 chain mail (lightly wounded, chance to affect: 78%)
The orc warrior writhes in agony.
You block the orc warrior's attack.
Casting: Necrotise (safe; 1% risk of failure)
Confirm with . or Enter, or press ? or * to list all spells.
Aiming: Necrotise (safe; 1% risk of failure)
Press: ? - help, Shift-Dir - straight line, f/p - orc warrior
Aim: an orc warrior, wielding a +0 mace and wearing a +0 chain mail (moderately wounded, chance to affect: 78%)
The orc warrior writhes in agony.
The orc warrior hits you with a +0 mace!
* * * LOW HITPOINT WARNING * * *
Casting: Necrotise (safe; 1% risk of failure)
Confirm with . or Enter, or press ? or * to list all spells.
Aiming: Necrotise (safe; 1% risk of failure)
Press: ? - help, Shift-Dir - straight line, f/p - orc warrior
Aim: an orc warrior, wielding a +0 mace and wearing a +0 chain mail (heavily wounded, chance to affect: 78%)
The orc warrior writhes in agony.
The orc warrior barely misses you.
There is an open door here.
The orc warrior attacks as it pursues you!
The orc warrior hits you with a +0 mace!
You die...

####### #...).# #.....# #####
#.....# #####...# #. #.....#
#...#...#
#.#####...#####.^...###...#...##
#.#.. #......o@......'...'...>.
#.#.# ########.....###...#....#
#...# #.....# #####....# ##...#
#.....# ####.# ....# ####### #.#
#...# #.# #J# #.# #o# ..# ##.#


You could see an orc warrior.

Vanquished Creatures
  A howler monkey (D:3)
  A sleepcap (D:4)
  4 adders
  4 dart slugs
  3 ball pythons
  8 bats
  10 endoplasms
  5 giant cockroaches
  4 goblins
  4 hobgoblins
  3 jackals (D:1)
  A kobold (D:2)
  2 quokkas
  3 frilled lizards (D:2)
  6 rats
59 creatures vanquished.

Vanquished Creatures (collateral kills)
  An endoplasm (D:1)
  A hobgoblin (D:1)
  3 rats
5 creatures vanquished.

Grand Total: 64 creatures vanquished

Notes
Turn   | Place    | Note
-------+----------+-------------------------------------------
     0 | D:1      | PaiMei the Demonspawn Necromancer began the quest for the
                  | Orb.
     0 | D:1      | Reached XP level 1. HP: 13/13 MP: 3/3
   202 | D:1      | Gained mutation: You have sharp fingernails. [demonic
                  | ancestry]
   202 | D:1      | Reached XP level 2. HP: 19/19 MP: 0/5
   597 | D:1      | Reached XP level 3. HP: 24/24 MP: 4/6
  1473 | D:2      | Gained mutation: A meltable shield of frost defends you.
                  | (SH +4) [demonic ancestry]
  1473 | D:2      | Reached XP level 4. HP: 19/31 MP: 0/8
  1653 | D:2      | Found Lulokyco's Antique Weapon Boutique.
  2317 | D:3      | Reached skill level 5 in Necromancy
  2328 | D:3      | Reached skill level 1 in Fighting
  2671 | D:3      | Found a radiant altar of Vehumet.
  2780 | D:4      | Noticed an orc warrior
  2794 | D:3      | Gained mutation: You regenerate a little health from kills.
                  | [demonic ancestry]
  2794 | D:3      | Reached XP level 5. HP: 28/37 MP: 5/9
  2932 | D:3      | Learned a level 3 spell: Vampiric Draining
  3156 | D:4      | Slain by an orc warrior

Illustrated notes

Levels and vault maps discovered:
D:1:      grunt_arrival_crossed_arrows, layout_rooms, serial_rivers,
          chequers_serial_rivers_micro_e, chequers_serial_rivers_micro_e,
          chequers_serial_rivers_micro_d, chequers_serial_rivers_small_3,
          chequers_serial_rivers_marsh, minmay_pentomino_z4
D:2:      layout_loops_ring, serial_shops, nicolae_shop_advertising_works
          [nicolae_subvault_shop_adworks], chequers_serial_rivers_large_a
D:3:      layout_rooms, nicolae_vehumet_radiance
D:4:      layout_basic, minmay_manual_monolith

Skill      XL: |  1  2  3  4 |
---------------+-------------+-----
Stealth        | 2 |  2.3
Dodging        | 2 |  2.9
Necromancy     | 5 |  5.2
Fighting       | 1 |  1.6
Spellcasting   | 3 |  3.1

Action                     |  1- 3 |  4- 6 || total
---------------------------+-------+-------++-------
  Melee: Unarmed           |    11 |       ||    11
         Mace              |     3 |     6 ||     9
   Cast: Necrotise         |    70 |    45 ||   115
         Vampiric Draining |       |     3 ||     3
 Armour: Robe              |    16 |    14 ||    30
  Dodge: Dodged            |    26 |     3 ||    29
  Block: Other             |       |     5 ||     5
